[Event "84th ESP-ch 2019"]
[Site "Marbella"]
[Date "2019.11.16"]
[Round "1.28"]
[White "Garcia-Blazquez Perez, Manuel"]
[Black "Bernabeu Lopez, Carlos Javier"]
[Result "0-1"]
[ECO "C44"]
[WhiteElo "1856"]
[BlackElo "2366"]
[Annotator "NA"]
[PlyCount "46"]
[EventDate "2019.11.16"]
[EventType "swiss"]
[EventCountry "ESP"]
[SourceTitle "playchess.com"]
[Source "ChessBase"]
[SourceQuality "1"]
[TimeControl "5400+30"]

1. e4 e5 2. Nf3 Nc6 3. d4 exd4 4. Nxd4 Nf6 5. Nxc6 bxc6 6. Bd3 Bd6 7. Bg5 Qe7 8. Nd2 h6 9. Bh4 Rb8 10. O-O g5 11. Bg3 Bxg3 12. fxg3 d6 13. Qf3 Ng4 14. Nc4 Be6 15. h3 Bxc4 16. Qxg4 Be6 17. Qh5 Rxb2 18. Rab1 Rxb1 19. Rxb1 Qf6 20. a4 Kd7 21. a5 Qe5 22. a6 Qxg3 23. Rf1 Ke7 0-1

[Event "84th ESP-ch 2019"]
[Site "Marbella"]
[Date "2019.11.16"]
[Round "1.29"]
[White "Garcia Ramos, Daniel"]
[Black "Maldonado Mena, German"]
[Result "1-0"]
[ECO "C50"]
[WhiteElo "2350"]
[BlackElo "1840"]
[Annotator "NA"]
[PlyCount "63"]
[EventDate "2019.11.16"]
[EventType "swiss"]
[EventCountry "ESP"]
[SourceTitle "playchess.com"]
[Source "ChessBase"]
[SourceQuality "1"]
[TimeControl "5400+30"]

1. e4 e5 2. Nf3 Nc6 3. Bc4 Nf6 4. d3 Bc5 5. O-O d6 6. c3 h6 7. b4 Bb6 8. a4 a5 9. Be3 Bxe3 10. fxe3 axb4 11. cxb4 Be6 12. Bxe6 fxe6 13. Qb3 Qd7 14. Nc3 O-O 15. Rad1 Kh7 16. d4 Ng4 17. Nb5 Qe7 18. h3 Nf6 19. Nc3 d5 20. b5 Na5 21. Qb1 Nc4 22. dxe5 Qc5 23. exd5+ Kg8 24. exf6 Nxe3 25. Ne4 Qb6 26. Kh1 Nxf1 27. Rxf1 exd5 28. Neg5 hxg5 29. Nxg5 Rxf6 30. Qh7+ Kf8 31. Qh8+ Ke7 32. Qxg7+ 1-0

[Event "84th ESP-ch 2019"]
[Site "Marbella"]
[Date "2019.11.16"]
[Round "1.30"]
[White "Malia Ramirez, Jose"]
[Black "Alvarez Fernandez, Enrique"]
[Result "1/2-1/2"]
[ECO "B50"]
[WhiteElo "1835"]
[BlackElo "2349"]
[Annotator "NA"]
[PlyCount "120"]
[EventDate "2019.11.16"]
[EventType "swiss"]
[EventCountry "ESP"]
[SourceTitle "playchess.com"]
[Source "ChessBase"]
[SourceQuality "1"]
[TimeControl "5400+30"]

1. e4 c5 2. Nf3 d6 3. b3 Nd7 4. Bb2 Ngf6 5. Nc3 e6 6. d4 cxd4 7. Nxd4 a6 8. Bd3 b5 9. O-O Bb7 10. b4 Be7 11. Kh1 O-O 12. f4 d5 13. e5 Ne4 14. a3 Qb6 15. Bxe4 dxe4 16. Nf5 exf5 17. Qxd7 Rfe8 18. Qxf5 g6 19. Qg4 f5 20. exf6 Bxf6 21. f5 Be5 22. fxg6 Qxg6 23. Qxg6+ hxg6 24. Nd1 Bxb2 25. Nxb2 Rac8 26. Rac1 Rc3 27. a4 Rec8 28. axb5 axb5 29. Rf2 Rb3 30. Nd1 Rxb4 31. Ne3 Rd8 32. Rf6 Kg7 33. Rcf1 Bd5 34. g4 Bc4 35. R1f2 Rd7 36. g5 Rb1+ 37. Kg2 Re1 38. Nxc4 bxc4 39. Re6 Rf7 40. Rxf7+ Kxf7 41. Rf6+ Kg7 42. Kf2 Rh1 43. Rc6 Rxh2+ 44. Ke3 Rxc2 45. Rc7+ Kf8 46. Kxe4 Re2+ 47. Kf4 Rf2+ 48. Kg4 Rc2 49. Kf4 c3 50. Ke5 Rc1 51. Kf6 Ke8 52. Kxg6 Kd8 53. Rc4 Ke7 54. Kg7 Kd6 55. g6 Kd5 56. Rc8 Kd4 57. Kf7 Rf1+ 58. Ke6 Rg1 59. Kf7 Rf1+ 60. Ke6 Rg1 {[%emt 0:00:08] Kd5+} 1/2-1/2

[Event "84th ESP-ch 2019"]
[Site "Marbella"]
[Date "2019.11.16"]
[Round "1.31"]
[White "Pazos Porta, Antonio"]
[Black "Lopez Capape, Armando"]
[Result "1-0"]
[ECO "A13"]
[WhiteElo "2345"]
[BlackElo "1833"]
[Annotator "NA"]
[PlyCount "117"]
[EventDate "2019.11.16"]
[EventType "swiss"]
[EventCountry "ESP"]
[SourceTitle "playchess.com"]
[Source "ChessBase"]
[SourceQuality "1"]
[TimeControl "5400+30"]

1. c4 e6 2. g3 d5 3. Bg2 c6 4. b3 Nf6 5. Nf3 Nbd7 6. Bb2 b6 7. O-O Be7 8. Nc3 Bb7 9. e3 O-O 10. Qe2 Rc8 11. Rac1 Rc7 12. d3 Qa8 13. e4 dxe4 14. dxe4 Rd8 15. e5 Ne8 16. Ne4 c5 17. Rfe1 Bxe4 18. Qxe4 Qxe4 19. Rxe4 Nb8 20. Bc3 Rcd7 21. Re2 Nc6 22. Kf1 Nc7 23. Ne1 Nb4 24. Be4 Rd1 25. Rxd1 Rxd1 26. a3 Nba6 27. Bd3 f6 28. Ra2 fxe5 29. Ke2 Rxd3 30. Kxd3 Bf6 31. Re2 Nb8 32. Bxe5 Bxe5 33. Rxe5 Nc6 34. Re3 Nd4 35. b4 Kf7 36. Nf3 Nf5 37. Re1 h6 38. Ne5+ Kf6 39. bxc5 bxc5 40. Nd7+ Ke7 41. Nxc5 Kd6 42. Ne4+ Kc6 43. f4 Ne7 44. Nd2 Nc8 45. Nb3 Nd6 46. Nd4+ Kd7 47. c5 Nde8 48. Rb1 a6 49. Rb8 g5 50. fxg5 hxg5 51. h4 gxh4 52. gxh4 e5 53. Nf3 Ke6 54. Ng5+ Kf5 55. Rc8 Kg4 56. Ne4 Kxh4 57. Nd6 e4+ 58. Nxe4 Kg4 59. Nd6 1-0

[Event "84th ESP-ch 2019"]
[Site "Marbella"]
[Date "2019.11.16"]
[Round "1.32"]
[White "Mohamed Garcia, Ismael"]
[Black "Perez Garcia, Alejandro"]
[Result "0-1"]
[ECO "A45"]
[WhiteElo "1825"]
[BlackElo "2343"]
[Annotator "NA"]
[PlyCount "50"]
[EventDate "2019.11.16"]
[EventType "swiss"]
[EventCountry "ESP"]
[SourceTitle "playchess.com"]
[Source "ChessBase"]
[SourceQuality "1"]
[TimeControl "5400+30"]

1. d4 Nf6 2. Bf4 g6 3. e3 Bg7 4. Nd2 d6 5. Ngf3 O-O 6. Be2 c5 7. c3 Nc6 8. h3 cxd4 9. exd4 e5 10. dxe5 dxe5 11. Nxe5 Nd5 12. Nxc6 bxc6 13. Bg3 Re8 14. O-O Bxc3 15. Nc4 Bxb2 16. Nxb2 Nc3 17. Qxd8 Nxe2+ 18. Kh2 Rxd8 19. Be5 Rd5 20. Bc7 Ba6 21. Rfd1 Rc8 22. Bd6 Nd4 23. Bf4 Rcd8 24. Be3 Nc2 25. Bg5 Rb8 0-1

[Event "84th ESP-ch 2019"]
[Site "Marbella"]
[Date "2019.11.16"]
[Round "1.33"]
[White "Gomez Dieguez, David"]
[Black "Gomez Cerezo, Diego Jesus"]
[Result "1-0"]
[ECO "C91"]
[WhiteElo "2336"]
[BlackElo "1811"]
[Annotator "ChessBase"]
[PlyCount "129"]
[EventDate "2019.11.16"]
[EventType "swiss"]
[EventCountry "ESP"]
[SourceTitle "playchess.com"]
[Source "ChessBase"]
[SourceQuality "1"]
[TimeControl "5400+30"]

1. e4 e5 2. Nf3 Nc6 3. Bb5 a6 4. Ba4 Nf6 5. O-O Be7 6. Re1 b5 7. Bb3 d6 8. c3 O-O 9. d4 Bg4 10. Be3 Bh5 11. h3 exd4 12. cxd4 Na5 13. Bc2 Nc4 14. Bc1 c5 15. b3 Nb6 16. Bb2 Rc8 17. Nbd2 cxd4 18. Qb1 Bg6 19. Nxd4 Nh5 20. Qd1 Nd7 21. Nf1 Nc5 22. Ne3 Bf6 23. Nd5 Be5 24. Qg4 Kh8 25. f4 Nf6 26. Nxf6 Bxf6 27. f5 h5 28. Qe2 Bh7 29. Qxh5 Nd7 30. Re2 Ne5 31. Rf2 Bh4 32. Rff1 Qg5 33. Qxg5 Bxg5 34. Rfe1 Rc7 35. Rad1 Rfc8 36. Bb1 Bf6 37. Ba3 Be7 38. Ne2 Rc6 39. Nf4 Bf8 40. Bb4 Kg8 41. Nd5 Kh8 42. Ba5 f6 43. Nb4 Rc5 44. Nxa6 R5c6 45. Nb4 Rc5 46. Bb6 Rc3 47. Nd5 R3c6 48. Bd4 Bg8 49. Nf4 Bf7 50. Bb2 Kg8 51. Rc1 Rc5 52. Ba3 R5c6 53. Rxc6 Rxc6 54. Rc1 g5 55. fxg6 Rxc1+ 56. Bxc1 Nxg6 57. Nh5 Be7 58. Ng3 d5 59. exd5 Bd6 60. Nf5 Bc5+ 61. Be3 Bxe3+ 62. Nxe3 Nf4 63. Kf2 Nxd5 64. Nxd5 Bxd5 65. g3 1-0

[Event "84th ESP-ch 2019"]
[Site "Marbella"]
[Date "2019.11.16"]
[Round "1.34"]
[White "Gomez Serrano, Jose Manuel"]
[Black "Guerra Rivera, Salvador"]
[Result "1-0"]
[ECO "E20"]
[WhiteElo "1910"]
[BlackElo "2334"]
[Annotator "NA"]
[PlyCount "125"]
[EventDate "2019.11.16"]
[EventType "swiss"]
[EventCountry "ESP"]
[SourceTitle "playchess.com"]
[Source "ChessBase"]
[SourceQuality "1"]
[TimeControl "5400+30"]

1. d4 Nf6 2. c4 e6 3. Nc3 Bb4 4. f3 c5 5. a3 Bxc3+ 6. bxc3 O-O 7. e4 d6 8. Be3 b6 9. Bd3 Nc6 10. Ne2 Ba6 11. Ng3 Na5 12. Qe2 Qd7 13. a4 cxd4 14. cxd4 Rac8 15. O-O Bxc4 16. Bd2 Bxd3 17. Qxd3 Nc4 18. Bc3 Qc7 19. Ne2 e5 20. Rfc1 Rfd8 21. d5 Qc5+ 22. Kh1 Rc7 23. h3 Rdc8 24. Bd2 a6 25. Rc3 b5 26. Rac1 Qb6 27. axb5 axb5 28. Rb3 Qa6 29. Rcb1 Nxd2 30. Qxd2 Rc2 31. Qd3 Qa2 32. Re1 Nh5 33. Kh2 g6 34. Qxb5 Kg7 35. Qd3 Rd2 36. Ra3 Qc2 37. Qa6 Nf4 38. Nxf4 exf4 39. Rg1 Qc5 40. Ra5 Qc7 41. Rb5 Rd8 42. Rb7 Qc3 43. Kh1 Qf6 44. Qa5 Rc2 45. Rc7 Rxc7 46. Qxc7 Ra8 47. Qc6 Ra2 48. Qc4 Ra3 49. Rd1 Kh6 50. Qb4 Ra2 51. Qb3 Rb2 52. Qa3 g5 53. Qd3 Ra2 54. Qb3 Re2 55. Qc4 Qb2 56. Rg1 Kg7 57. Qc8 Qe5 58. Rb1 Qd4 59. Qf5 h6 60. Qd7 Qc5 61. Qb5 Qf2 62. Rg1 Qg3 63. Qxe2 1-0

[Event "84th ESP-ch 2019"]
[Site "Marbella"]
[Date "2019.11.16"]
[Round "1.35"]
[White "Mingarro Carceller, Sergi"]
[Black "Maceira Moya, Nery"]
[Result "1-0"]
[ECO "B90"]
[WhiteElo "2329"]
[BlackElo "1773"]
[Annotator "NA"]
[PlyCount "71"]
[EventDate "2019.11.16"]
[EventType "swiss"]
[EventCountry "ESP"]
[SourceTitle "playchess.com"]
[Source "ChessBase"]
[SourceQuality "1"]
[TimeControl "5400+30"]

1. e4 c5 2. Nf3 d6 3. d4 cxd4 4. Nxd4 Nf6 5. Nc3 a6 6. f3 e6 7. Be3 Be7 8. Qd2 b5 9. O-O-O Bb7 10. g4 Nc6 11. Nxc6 Bxc6 12. Ne2 d5 13. Nd4 Bb7 14. e5 Nd7 15. f4 Qc7 16. f5 exf5 17. e6 fxe6 18. Nxe6 Qe5 19. gxf5 Bb4 20. c3 Rc8 21. Bd4 Qd6 22. Nxg7+ Kf7 23. Be2 Nf6 24. Qh6 Ne4 25. Bh5+ Ke7 26. Ne6 Kd7 27. Qg7+ Qe7 28. Qxe7+ Bxe7 29. Bxh8 Rxh8 30. Rhe1 Kc8 31. Bf3 Bf6 32. Kc2 Rg8 33. Nf4 Rd8 34. Nxd5 Bxd5 35. Bxe4 Bh4 36. Bxd5 1-0

[Event "84th ESP-ch 2019"]
[Site "Marbella"]
[Date "2019.11.16"]
[Round "1.36"]
[White "Espejo Montagut, Jose Maria"]
[Black "Rahal, Michael A"]
[Result "0-1"]
[ECO "E91"]
[WhiteElo "1768"]
[BlackElo "2309"]
[Annotator "NA"]
[PlyCount "80"]
[EventDate "2019.11.16"]
[EventType "swiss"]
[EventCountry "ESP"]
[SourceTitle "playchess.com"]
[Source "ChessBase"]
[SourceQuality "1"]
[TimeControl "5400+30"]

1. d4 Nf6 2. c4 g6 3. Nc3 Bg7 4. e4 d6 5. Nf3 O-O 6. Be2 Bg4 7. O-O Nfd7 8. h3 Bxf3 9. Bxf3 Nc6 10. Be3 e5 11. d5 Nd4 12. Be2 c5 13. Bd3 a6 14. Rb1 f5 15. f3 Rb8 16. a3 Nf6 17. b4 Nh5 18. bxc5 dxc5 19. Qd2 Nf4 20. Rb2 Kh8 21. Ne2 fxe4 22. fxe4 Nfxe2+ 23. Bxe2 Rxf1+ 24. Bxf1 b5 25. cxb5 axb5 26. Bxd4 exd4 27. Rxb5 Rc8 28. Bc4 Qh4 29. Qe2 Be5 30. Rb3 Rf8 31. Rf3 Rxf3 32. Qxf3 Qe1+ 33. Bf1 Kg7 34. g4 c4 35. Kg2 Qd2+ 36. Qe2 Qf4 37. Kh1 d3 38. Qg2 d2 39. Be2 c3 40. Bd1 Qe3 0-1

[Event "84th ESP-ch 2019"]
[Site "Marbella"]
[Date "2019.11.16"]
[Round "1.37"]
[White "Martin Carmona, Gaston Manuel"]
[Black "Lozano Aguilar, Juan Francisco"]
[Result "1-0"]
[ECO "B01"]
[WhiteElo "2304"]
[BlackElo "1768"]
[Annotator "NA"]
[PlyCount "57"]
[EventDate "2019.11.16"]
[EventType "swiss"]
[EventCountry "ESP"]
[SourceTitle "playchess.com"]
[Source "ChessBase"]
[SourceQuality "1"]
[TimeControl "5400+30"]

1. e4 d5 2. exd5 Qxd5 3. Nc3 Qa5 4. d4 c6 5. Nf3 Nf6 6. Bc4 Bg4 7. h3 Bh5 8. Bd2 Qc7 9. Qe2 e6 10. g4 Bg6 11. Ne5 Be7 12. h4 Qb6 13. O-O-O Qxd4 14. h5 Be4 15. Bf4 Bd3 16. Qf3 Nd5 17. Nxd5 cxd5 18. Rxd3 Qb6 19. Be3 Qb4 20. Qxf7+ Kd8 21. Qxe6 Rf8 22. Rxd5+ Kc7 23. Rhd1 Rd8 24. Rd7+ Rxd7 25. Rxd7+ Nxd7 26. Qxd7+ Kb8 27. Nc6+ bxc6 28. Bf4+ Bd6 29. Bxd6+ {[%emt 0:00:21] Qb6 Bf1+} 1-0

[Event "84th ESP-ch 2019"]
[Site "Marbella"]
[Date "2019.11.16"]
[Round "1.38"]
[White "Fernandez Cantalapiedra, Isabel"]
[Black "Zurano Lopez, Pedro"]
[Result "0-1"]
[ECO "A46"]
[WhiteElo "1754"]
[BlackElo "2292"]
[Annotator "NA"]
[PlyCount "114"]
[EventDate "2019.11.16"]
[EventType "swiss"]
[EventCountry "ESP"]
[SourceTitle "playchess.com"]
[Source "ChessBase"]
[SourceQuality "1"]
[TimeControl "5400+30"]

1. d4 Nf6 2. Nf3 e6 3. Bf4 b6 4. e3 Bb7 5. Bd3 d6 6. h3 Nbd7 7. Bh2 Ne4 8. O-O g6 9. c4 Bg7 10. Qc2 f5 11. Nbd2 Nxd2 12. Nxd2 O-O 13. Rfe1 a5 14. Be2 e5 15. Bf3 e4 16. Be2 Qe7 17. Bf1 a4 18. b4 axb3 19. Nxb3 Ra3 20. Rad1 Rfa8 21. Rd2 Kh8 22. Rc1 c5 23. Rcd1 Bc6 24. Qb1 Ba4 25. dxc5 dxc5 26. Bc7 Rc8 27. Bd6 Qe6 28. Bg3 Bc6 29. Rd6 Qe8 30. Qc1 Rxa2 31. R1d2 Rxd2 32. Qxd2 Ne5 33. Nc1 Nf7 34. Ne2 Nxd6 35. Qxd6 Qd7 36. Qf4 h6 37. h4 Kh7 38. Bh2 Qe6 39. Qg3 Be8 40. Nf4 Qd6 41. Qh3 Be5 42. h5 Rc6 43. hxg6+ Bxg6 44. Bg3 Qf6 45. Nd5 Qg7 46. Bh4 Re6 47. Be2 Qf7 48. Bg5 Qg7 49. g4 Bf7 50. Bf4 Bxf4 51. Nxf4 Re5 52. Kh2 fxg4 53. Bxg4 Qg5 54. Bc8 h5 55. Bd7 Bxc4 56. Bc6 Qg4 57. Qxg4 hxg4 0-1

[Event "84th ESP-ch 2019"]
[Site "Marbella"]
[Date "2019.11.16"]
[Round "1.39"]
[White "Medarde Santiago, Luis Marcos"]
[Black "Juan Lepp, Jaime Boris"]
[Result "1-0"]
[ECO "B00"]
[WhiteElo "2285"]
[BlackElo "1746"]
[Annotator "NA"]
[PlyCount "41"]
[EventDate "2019.11.16"]
[EventType "swiss"]
[EventCountry "ESP"]
[SourceTitle "playchess.com"]
[Source "ChessBase"]
[SourceQuality "1"]
[TimeControl "5400+30"]

1. e4 Nc6 2. Nf3 f5 3. exf5 d5 4. d4 Bxf5 5. Bb5 Qd6 6. Ne5 Nf6 7. O-O Nd7 8. Bf4 Ncxe5 9. Bxe5 Qb6 10. Bxd7+ Kxd7 11. Nc3 e6 12. Rb1 Bd6 13. Re1 Bxe5 14. Rxe5 Qc6 15. Nxd5 Bxc2 16. Qg4 Rhg8 17. Rbe1 Rae8 18. Nb4 Qc4 19. Nxc2 Qxc2 20. Rxe6 Kd8 21. Qg5+ 1-0

[Event "84th ESP-ch 2019"]
[Site "Marbella"]
[Date "2019.11.16"]
[Round "1.40"]
[White "Munoz Jorva, Miguel Angel"]
[Black "Hernando Rodrigo, Julio Antonio"]
[Result "0-1"]
[ECO "E16"]
[WhiteElo "1721"]
[BlackElo "2271"]
[Annotator "NA"]
[PlyCount "54"]
[EventDate "2019.11.16"]
[EventType "swiss"]
[EventCountry "ESP"]
[SourceTitle "playchess.com"]
[Source "ChessBase"]
[SourceQuality "1"]
[TimeControl "5400+30"]

1. d4 Nf6 2. c4 e6 3. Nf3 Bb4+ 4. Bd2 Qe7 5. a3 Bxd2+ 6. Qxd2 d5 7. e3 O-O 8. Nc3 b6 9. cxd5 exd5 10. Be2 Bb7 11. O-O Nbd7 12. Rac1 c5 13. Rfd1 c4 14. Qe1 a6 15. Na2 a5 16. Nd2 Bc6 17. Ra1 b5 18. Bf3 Rfc8 19. Rdc1 b4 20. axb4 axb4 21. Nxc4 dxc4 22. Qxb4 Qxb4 23. Nxb4 Bxf3 24. gxf3 Rab8 25. Ra4 Rb5 26. Nd3 Nb6 27. Rb4 cxd3 0-1

[Event "84th ESP-ch 2019"]
[Site "Marbella"]
[Date "2019.11.16"]
[Round "1.41"]
[White "Jimenez Ruano, Adrian"]
[Black "Estevez Sacristan, Deva"]
[Result "1-0"]
[ECO "A80"]
[WhiteElo "2269"]
[BlackElo "1719"]
[Annotator "ChessBase"]
[PlyCount "139"]
[EventDate "2019.11.16"]
[EventType "swiss"]
[EventCountry "ESP"]
[SourceTitle "playchess.com"]
[Source "ChessBase"]
[SourceQuality "1"]
[TimeControl "5400+30"]

1. d4 f5 2. Bg5 g6 3. Nc3 Bg7 4. h4 d6 5. e4 fxe4 6. Nxe4 d5 7. Ng3 c5 8. Qd2 Nc6 9. Bb5 Bxd4 10. c3 Bg7 11. N1e2 a6 12. Ba4 b5 13. Bc2 Ne5 14. Rd1 Bb7 15. h5 Qd6 16. Qe3 Nc4 17. Qc1 O-O-O 18. b3 Ne5 19. Qe3 Qc6 20. Bf4 Nf7 21. Qf3 e5 22. Bc1 Qe6 23. Nf5 Bf6 24. Nfg3 Ne7 25. Ba3 Qc6 26. Bxc5 Qxc5 27. Qxf6 Rhf8 28. O-O Kb8 29. hxg6 hxg6 30. Bxg6 Nxg6 31. Qxg6 Rd6 32. Qg7 Rh6 33. b4 Qc8 34. Nf5 Rhh8 35. Neg3 Rhg8 36. Qf6 Qc7 37. Rfe1 e4 38. Qe7 Qxc3 39. Nd4 Qc8 40. Rc1 Qd8 41. Qc5 Ne5 42. Ne6 Nd3 43. Qxf8 Qxf8 44. Nxf8 Nxc1 45. Nd7+ Kc7 46. Nf6 Nd3 47. Rb1 Rf8 48. Ngh5 Kd6 49. g4 Bc8 50. Kg2 Ke5 51. g5 Bf5 52. Ng3 Rc8 53. Nxd5 Rc2 54. Rf1 Bg4 55. Ne3 Bf3+ 56. Kg1 Rxa2 57. Ngf5 Bh5 58. Ne7 Ke6 59. N7d5 Ne5 60. Nf4+ Kf7 61. Nxh5 Kg6 62. Ng3 Nf3+ 63. Kg2 Kxg5 64. Nxe4+ Kf4 65. Nd5+ Kxe4 66. Nc3+ Kd3 67. Nxa2 Nd2 68. Rd1 Kc2 69. Rxd2+ Kxd2 70. f4 1-0

[Event "84th ESP-ch 2019"]
[Site "Marbella"]
[Date "2019.11.16"]
[Round "1.42"]
[White "Clavero Santos, Ricardo"]
[Black "Moral Garcia, Serafin"]
[Result "0-1"]
[ECO "A48"]
[WhiteElo "1716"]
[BlackElo "2267"]
[Annotator "NA"]
[PlyCount "64"]
[EventDate "2019.11.16"]
[EventType "swiss"]
[EventCountry "ESP"]
[SourceTitle "playchess.com"]
[Source "ChessBase"]
[SourceQuality "1"]
[TimeControl "5400+30"]

1. d4 Nf6 2. Nf3 g6 3. Bf4 Bg7 4. e3 c5 5. c3 b6 6. Be2 O-O 7. O-O Bb7 8. Nbd2 d6 9. h3 Nbd7 10. Re1 a6 11. Bf1 Ne4 12. Nxe4 Bxe4 13. Nd2 Bb7 14. b4 e5 15. Bh2 d5 16. bxc5 bxc5 17. Rb1 Bc6 18. Nf3 e4 19. Nd2 c4 20. Qc2 Re8 21. Be2 Bf8 22. f3 f5 23. fxe4 fxe4 24. Nxc4 dxc4 25. Bxc4+ Kh8 26. Bf7 Re7 27. Qb3 Ba4 28. Qd5 Nf6 29. Qc4 Qd7 30. Be5 Rxf7 31. Rf1 Bg7 32. Rb6 Bb5 0-1

[Event "84th ESP-ch 2019"]
[Site "Marbella"]
[Date "2019.11.17"]
[Round "2.12"]
[White "Espinosa Aranda, Angel"]
[Black "Rey Malde, Henrique"]
[Result "1-0"]
[ECO "B20"]
[WhiteElo "2511"]
[BlackElo "2209"]
[Annotator "RC"]
[PlyCount "47"]
[EventDate "2019.11.16"]
[EventType "swiss"]
[EventCountry "ESP"]
[SourceTitle "playchess.com"]
[Source "ChessBase"]
[SourceQuality "1"]
[TimeControl "5400+30"]

1. e4 c5 2. Ne2 d6 3. g3 g6 4. Bg2 Bg7 5. c3 Nc6 6. d4 cxd4 7. cxd4 Nf6 8. Nbc3 O-O 9. O-O Bd7 10. h3 Rc8 11. Be3 a6 12. Qd2 Re8 13. Rac1 b5 14. b3 e5 15. dxe5 dxe5 16. Bg5 Ne7 17. Rfd1 Be6 18. Nd5 Nexd5 19. exd5 Bd7 20. d6 Qb6 21. Rc7 Rxc7 22. dxc7 Bc8 23. Qd8 Qe6 24. Rd6 1-0

[Event "84th ESP-ch 2019"]
[Site "Marbella"]
[Date "2019.11.17"]
[Round "2.22"]
[White "Valmana Canto, Jaime"]
[Black "Jaime Montalvan, Luis Felipe"]
[Result "1-0"]
[ECO "A22"]
[WhiteElo "2416"]
[BlackElo "2167"]
[Annotator "RC"]
[PlyCount "81"]
[EventDate "2019.11.16"]
[EventType "swiss"]
[EventCountry "ESP"]
[SourceTitle "playchess.com"]
[Source "ChessBase"]
[SourceQuality "1"]
[TimeControl "5400+30"]

1. c4 e5 2. Nc3 Nf6 3. Nf3 d6 4. d4 Nbd7 5. g3 g6 6. Bg2 Bg7 7. O-O O-O 8. b3 Re8 9. Bb2 c6 10. Qc2 exd4 11. Nxd4 a5 12. Rad1 Qc7 13. a3 Nb6 14. Nb1 d5 15. cxd5 Nbxd5 16. e4 Nb6 17. Nc3 Bg4 18. f3 Bd7 19. Bc1 Nh5 20. Nde2 f5 21. Nb5 Qb8 22. Nd6 Re6 23. Nc4 Nxc4 24. Qxc4 b5 25. Qc5 Bf8 26. Qf2 Qa7 27. Be3 Qc7 28. Bh3 Bxa3 29. exf5 Re7 30. Nd4 gxf5 31. Nxf5 Bxf5 32. Bxf5 Rae8 33. Bb6 Qe5 34. Bd7 Rb8 35. Rfe1 Qc3 36. Rxe7 Rxb6 37. Re8+ Kf7 38. Qe2 Nf6 39. Qe6+ Kg7 40. Qe5 Qxf3 41. Rf1 1-0

[Event "84th ESP-ch 2019"]
[Site "Marbella"]
[Date "2019.11.17"]
[Round "2.25"]
[White "Vega Gutierrez, Belinda"]
[Black "Suarez Uriel, Adrian"]
[Result "1/2-1/2"]
[ECO "B33"]
[WhiteElo "2161"]
[BlackElo "2389"]
[Annotator "RC"]
[PlyCount "128"]
[EventDate "2019.11.16"]
[EventType "swiss"]
[EventCountry "ESP"]
[SourceTitle "playchess.com"]
[Source "ChessBase"]
[SourceQuality "1"]
[TimeControl "5400+30"]

1. e4 c5 2. Nf3 Nc6 3. d4 cxd4 4. Nxd4 Nf6 5. Nc3 e5 6. Ndb5 d6 7. Bg5 a6 8. Na3 b5 9. Nd5 Be7 10. Bxf6 Bxf6 11. c4 b4 12. Nc2 a5 13. g3 O-O 14. Bg2 Bg5 15. O-O Ne7 16. b3 Nxd5 17. Qxd5 Be6 18. Qd3 Qb6 19. Rad1 Rfd8 20. Kh1 Bh6 21. f4 a4 22. Ne3 g6 23. Nd5 Bxd5 24. Qxd5 Ra5 25. Qd3 Bg7 26. f5 Bh6 27. Qf3 Ra7 28. Rd3 axb3 29. axb3 Rda8 30. fxg6 hxg6 31. Qf6 Bf8 32. h4 Qc7 33. h5 Qe7 34. hxg6 Qxf6 35. Rxf6 fxg6 36. Rxg6+ Kf7 37. Rg5 Kf6 38. Rf5+ Kg6 39. Kg1 Be7 40. Bh3 Rh8 41. Bg4 Ra1+ 42. Rf1 Ra2 43. Rf2 Rh1+ 44. Kxh1 Rxf2 45. Kg1 Rc2 46. Kf1 Kg5 47. Bd1 Rb2 48. Ke1 Rh2 49. Be2 Kg6 50. Rd5 Rg2 51. Rd3 Rh2 52. Kf1 Rh1+ 53. Kf2 Kf7 54. Bg4 Rh2+ 55. Ke1 Rb2 56. Be2 Ke8 57. Bg4 Bd8 58. Bd1 Ke7 59. Rd2 Rb1 60. Ke2 Bb6 61. Kd3 Bd4 62. Ke2 Kf6 63. Ra2 Kg5 64. Kd2 Ra1 1/2-1/2

[Event "84th ESP-ch 2019"]
[Site "Marbella"]
[Date "2019.11.17"]
[Round "2.28"]
[White "Bernabeu Lopez, Carlos Javier"]
[Black "De La Cruz Revilla, Miguel"]
[Result "1/2-1/2"]
[ECO "A25"]
[WhiteElo "2366"]
[BlackElo "2138"]
[Annotator "RC"]
[PlyCount "91"]
[EventDate "2019.11.16"]
[EventType "swiss"]
[EventCountry "ESP"]
[SourceTitle "playchess.com"]
[Source "ChessBase"]
[SourceQuality "1"]
[TimeControl "5400+30"]

1. c4 e5 2. Nc3 Nc6 3. g3 g6 4. Bg2 Bg7 5. e4 d6 6. Nge2 h5 7. h3 Be6 8. d3 Qd7 9. Bg5 Nd4 10. Nxd4 exd4 11. Nd5 f6 12. Bd2 c6 13. Nf4 Bf7 14. h4 Qe7 15. Ne2 c5 16. Qa4+ Qd7 17. Qxd7+ Kxd7 18. b4 Re8 19. Bh3+ Be6 20. Bxe6+ Kxe6 21. bxc5 dxc5 22. O-O Bh6 23. f4 Kd7 24. Rfb1 Kc6 25. a4 Bf8 26. Nc1 Bd6 27. Rb2 Nh6 28. Rab1 b6 29. a5 Bc7 30. Ra2 Ng4 31. Ne2 f5 32. e5 g5 33. axb6 axb6 34. hxg5 h4 35. gxh4 Rxh4 36. Be1 Rh3 37. Ng3 Reh8 38. Rbb2 Bxe5 39. fxe5 f4 40. Ra6 fxg3 41. Raxb6+ Kd7 42. Rd6+ Kc8 43. Rc6+ Kd7 44. Rd6+ Kc8 45. Rdb6 Kd7 46. Rd6+ 1/2-1/2

[Event "84th ESP-ch 2019"]
[Site "Marbella"]
[Date "2019.11.17"]
[Round "2.36"]
[White "Diaz Mino, Pablo"]
[Black "Malia Ramirez, Jose"]
[Result "1-0"]
[ECO "A41"]
[WhiteElo "2135"]
[BlackElo "1835"]
[Annotator "NA RC"]
[PlyCount "67"]
[EventDate "2019.11.16"]
[EventType "swiss"]
[EventCountry "ESP"]
[SourceTitle "playchess.com"]
[Source "ChessBase"]
[SourceQuality "1"]
[TimeControl "5400+30"]

1. d4 d6 2. c4 e5 3. d5 Be7 4. Nc3 Bg5 5. e3 f5 6. Nf3 {[%emt 0:03:00] A41: 1 d4 d6: Tartakower System and Modern Defence} Bh6 7. Qa4+ $146 ({Predecessor:} 7. e4 Bxc1 8. Rxc1 fxe4 9. Nxe4 Nf6 10. Nfd2 O-O 11. Bd3 Bf5 {½-½ (60) Flear,G (2455)-Cornette,M (2606) Espalion 2017}) 7... Bd7 8. Qb3 Na6 9. Qxb7 Nc5 10. Qb4 e4 11. Nd4 Nf6 12. Qa5 O-O 13. b4 Nd3+ 14. Bxd3 exd3 15. Ncb5 Bxb5 16. Nxb5 $19 (16. Ne6 $1 $11 {and White is okay.} Qe8 17. Qxb5 Qxb5 18. cxb5) 16... Ne4 17. Qa3 d2+ 18. Bxd2 Nxd2 19. Kxd2 Qh4 20. g3 Qxc4 21. Qd3 Qxb4+ 22. Ke2 Qg4+ 23. f3 Qh3 24. Kf2 Rae8 25. Rae1 f4 26. e4 Rf7 27. Nxa7 Ref8 28. g4 Bg5 29. Reg1 Bh4+ 30. Ke2 Ra8 31. Qb3 Raf8 32. Nc6 h5 33. gxh5 Qc8 34. a4 1-0